 Dungeon Crawl Stone Soup version 0.29.1-1-gd02db6906a (webtiles) character file.

Game seed: 12841213213076137235

39 Homeless the Ruffian (level 3, -7/29 HPs)
             Began as a Mummy Monk on Oct 18, 2022.
             Mangled by Terence
             ... wielding the +7 Throatcutter {drain, coup de grace}
              (14 damage)
             ... on level 2 of the Dungeon.
             The game lasted 00:03:55 (3201 turns).

Homeless the Ruffian (Mummy Monk)                   Turns: 3201, Time: 00:03:56

Health: -7/29      AC:  0    Str: 16    XL:     3   Next: 28%
Magic:  3/3        EV: 12    Int:  9    God:
Gold:   933        SH:  0    Dex: 14    Spells: 2/2 levels left

rFire   x . .      SeeInvis .     - Unarmed
rCold   + . .      Faith    .   (no shield)
rNeg    + + +      Spirit   .   (no body armour)
rPois   ∞          Reflect  .   (no helmet)
rElec   .          Harm     .   (no cloak)
rCorr   .          Rampage  .   (no gloves)
Will    .....                   (no boots)
Stlth   ++........              (no amulet)
HPRegen 0.09/turn               (no ring)
MPRegen 0.08/turn               (no ring)

@: no status effects
A: cold resistance 1, negative energy resistance 3, torment resistance 2, heat
vulnerability 1, in touch with death 1, no potions
a: no special abilities


You were on level 2 of the Dungeon.
You visited 1 branch of the dungeon, and saw 2 of its levels.

You collected 933 gold pieces.

Inventory:

Scrolls
 b - a scroll of vulnerability


   Skills:
 - Level 3.0 Fighting
 - Level 2.4 Dodging
 - Level 1.6 Stealth
 * Level 3.5 Unarmed Combat


You had 2 spell levels left.
You didn't know any spells.
Your spell library was empty.

Dungeon Overview and Level Annotations

Branches:
Dungeon (2/15)

Altars:

Annotations:
D:2 Terence


Innate Abilities, Weirdness & Mutations

You are immune to poison.
Your flesh is cold resistant. (rC+)
You are immune to negative energy. (rN+++)
You are immune to unholy pain and torment.
You are vulnerable to heat. (rF-)
You are in touch with the powers of death.
You do not drink.


Message History

The bat hits you.
Found 7 stones.
The bat misses you.
You barely miss the bat.
The bat is severely wounded.
The bat hits you. The bat barely misses you. The bat hits you.
You completely miss the bat.
The bat is severely wounded.
The bat misses you. The bat hits you.
You hit the bat.
You kill the bat!
No target in view!
No target in view!
You start resting.
HP restored.
a - a scroll labelled AZURYO EDWE No target in view!
As you read the scroll labelled AZURYO EDWE, it crumbles to dust.
It is a scroll of amnesia.
You feel forgetful for a moment.
You start waiting.
Done waiting.
You start waiting.
Terence is nearby!
Terence is nearby!
Terence is nearby!
As you open the door, it creaks loudly!
Terence shouts!
You hear a shout!
There is an open door here.
Okay, then.
Unknown command.
You hit Terence but do no damage.
Terence hits you with the +7 Throatcutter {drain, coup de grace}!
You hit Terence but do no damage.
Terence hits you with the +7 Throatcutter {drain, coup de grace}!
* * * LOW HITPOINT WARNING * * *
A hobgoblin comes into view.
Terence attacks as you move away!
Terence hits you with the +7 Throatcutter {drain, coup de grace}!
You die...

#...#.#.<#####.....
#####...#.#..# #P....
#..[#...#.#..# #PP...
###....|#.#..####♣♣P♣♣#
#...............# ###
###.##########.##
#............$.#
#.#.######.....###
...#.#.@@.'........ ##.
#.#.####g......# ..
#.#. #........+ .( #.#.
#........# ... #.#.
#.###....# #.#. #.
....# #. #. ....# #. #.
...# #. ..#


You could see Terence and a hobgoblin (wandering).

Vanquished Creatures
  A dart slug (D:1)
  5 ball pythons
  5 bats
  2 endoplasms (D:1)
  2 giant cockroaches
  3 goblins (D:1)
  3 hobgoblins
  7 kobolds
  A quokka (D:1)
  2 frilled lizards
  4 rats
35 creatures vanquished.

Vanquished Creatures (others)
  A fungus (D:2)
  15 plants
16 creatures vanquished.

Grand Total: 51 creatures vanquished

Notes
Turn   | Place    | Note
-------+----------+-------------------------------------------
     0 | D:1      | Homeless the Mummy Monk began the quest for the Orb.
     0 | D:1      | Reached XP level 1. HP: 18/18 MP: 1/1
   269 | D:1      | Found a faded altar of an unknown god.
   485 | D:1      | Reached XP level 2. HP: 18/24 MP: 2/2
  2018 | D:1      | Gained mutation: You are in touch with the powers of death.
                  | [Mummy growth]
  2018 | D:1      | Reached XP level 3. HP: 12/29 MP: 3/3
  2217 | D:1      | Identified a scroll of acquirement
  2217 | D:1      | Acquired 925 gold pieces
  2515 | D:2      | Noticed Terence
  3201 | D:2      | Mangled by Terence

Illustrated notes

Levels and vault maps discovered:
D:1:      psy_arrival_basics, layout_loops_corners,
          dilly_ecumenical_altar_fadedgnrine
D:2:      layout_basic, lexackson_kobold_supper, uniq_crazy_yiuf_cottage,
          uniq_terence

Skill      XL: |  1  2 |
---------------+-------+-----
Unarmed Combat | 3 |  3.5
Fighting       | |  3.0
Dodging        | |  2.4
Stealth        | |  1.6

Action                   || total
-------------------------++-------
Melee: Unarmed           ||   140
       Punch             ||     3
  Use: Scroll            ||     3
Dodge: Dodged            ||    81
